 Dungeon Crawl Stone Soup version 0.30-a0-374-g95c0257040 (webtiles) character file.

Game seed: 2684106214261174931

2294 NinjaNoafa the Grappler (level 9, 0/88 HPs)
             Began as a Troll Fighter on Nov 26, 2022.
             Was a Believer of Wu Jian.
             Slain by a two-headed ogre
             ... wielding a +0 giant club
              (17 damage)
             ... on level 6 of the Dungeon.
             The game lasted 00:14:14 (4912 turns).

NinjaNoafa the Grappler (Troll Fighter)             Turns: 4912, Time: 00:14:15

Health: 0/88       AC:  5    Str: 26    XL:     9   Next: 17%
Magic:  8/8        EV: 10    Int:  4    God:    Wu Jian [**....]
Gold:   189        SH:  9    Dex: 13    Spells: 8/8 levels left

rFire   . . .      SeeInvis .      - Unarmed
rCold   . . .      Faith    +    b - +0 kite shield
rNeg    . . .      Spirit   .    a - +0 robe
rPois   +          Reflect  .    (helmet restricted)
rElec   .          Harm     .    j - +0 cloak
rCorr   .          Rampage  .    (gloves unavailable)
Will    +....                    (boots unavailable)
Stlth   +.........               I - amulet of faith
HPRegen 1.14/turn                u - ring of willpower
MPRegen 0.11/turn                y - ring of poison resistance

@: no status effects
A: large, unfitting armour, claws 3, regeneration 1, shaggy fur 1, tough skin 1
a: Renounce Religion, Wall Jump


You were on level 6 of the Dungeon.
You worshipped Wu Jian.
Wu Jian was pleased with you.
You visited 1 branch of the dungeon, and saw 6 of its levels.

You collected 258 gold pieces.
You spent 69 gold pieces at shops.

Inventory:

Missiles
 d - 69 stones
 A - 3 atropa-tipped darts
 B - 3 poisoned darts
Armour
 a - a +0 robe (worn)
 b - a +0 kite shield (worn)
 j - a +0 cloak (worn)
Jewellery
 u - a ring of willpower (left claw)
 y - a ring of poison resistance (right claw)
 I - an amulet of faith (around neck)
Wands
 p - a wand of roots (8)
 E - a wand of charming (7)
 F - a wand of flame (8)
Scrolls
 e - 8 scrolls of identify {unknown}
 g - 4 scrolls of teleportation {unknown}
 i - a scroll of fog {unknown}
 k - a scroll of brand weapon {unknown}
 m - a scroll of magic mapping {unknown}
 n - 5 scrolls of vulnerability {unknown}
 t - a scroll of fear {unknown}
 x - a scroll of poison {unknown}
 z - a scroll of amnesia {unknown}
 D - a scroll of noise {unknown}
 J - a scroll of enchant weapon {unknown}
 K - a scroll of blinking {unknown}
Potions
 c - a potion of might
 f - 2 potions of berserk rage {unknown}
 h - 3 potions of curing
 l - 2 potions of degeneration {unknown}
 o - a potion of mutation {unknown}
 q - 2 potions of brilliance {unknown}
 r - a potion of haste {unknown}
 s - a potion of invisibility {unknown}
 v - 2 potions of attraction {unknown}
 w - a potion of resistance {unknown}
 C - a potion of ambrosia {unknown}
 G - 2 potions of cancellation {unknown}
 H - a potion of heal wounds {unknown}


   Skills:
 - Level 5.0 Fighting
 - Level 5.0 Dodging
 - Level 5.0 Shields
 + Level 8.9 Unarmed Combat


You had 8 spell levels left.
You didn't know any spells.
Your spell library contained the following spells:

 Spells                   Type           Power      Damage    Failure   Level
 Dazzling Flash           Conj/Hex       0%         N/A       98%         3
 Portal Projectile        Hex/Tloc       0%         N/A       98%         3
 Tukima's Dance           Hex            0%         N/A       98%         3
 Iskenderun's Mystic Bla  Conj/Tloc      0%         2d3       100%        4
 Blade Hands              Tmut           0%         N/A       100%        5
 Starburst                Conj/Fire      0%         6d3       100%        6


Dungeon Overview and Level Annotations

Branches:
Dungeon (6/15)
 Temple: D:4-7

Altars:
Dithmenos
Elyvilon
Kikubaaqudgha
Nemelex Xobeh
Wu Jian
Yredelemnul

Shops:
D:3 [   D:4 (   D:5 :   D:6 :[[*


Innate Abilities, Weirdness & Mutations

You are too large for most types of armour.
You have claws for hands.
Your natural rate of healing is unusually fast.
You are covered in fur. (AC +1)
You have tough skin. (AC +1)


Message History

The Council accepts your kill.
A two-headed ogre comes into view.
It is wielding a +0 giant club and a +0 giant spiked club.
A two-headed ogre is nearby!
A two-headed ogre is nearby!
Found a scroll labelled EKAED EFOADUCS.
Found Biqas's Armour Shoppe.
The two-headed ogre shouts in stereo!
Okay, then.
Okay, then.
Aiming: Wall Jump
Press: ? - help, Dir - move target You repeatedly attack the two-headed ogre from above.
You scratch the two-headed ogre.
The two-headed ogre is lightly wounded.
You claw the two-headed ogre!
The two-headed ogre is moderately wounded.
The two-headed ogre hits you with a +0 giant club!!
The two-headed ogre hits you with a +0 giant spiked club!!
You barely miss the two-headed ogre.
The two-headed ogre is moderately wounded.
You block the two-headed ogre's attack. The two-headed ogre closely misses you.
It was a potion of curing.
You feel better. The two-headed ogre closely misses you.
You block the two-headed ogre's attack.
There is nothing to wall jump against here.
You see here a scroll labelled EKAED EFOADUCS.
Aiming: Wall Jump
Press: ? - help, Dir - move target You repeatedly attack the two-headed ogre from above.
You mangle the two-headed ogre!!
The two-headed ogre is severely wounded.
You scratch the two-headed ogre.
The two-headed ogre is severely wounded.
The two-headed ogre hits you with a +0 giant club!
The two-headed ogre closely misses you. x2
The two-headed ogre hits you with a +0 giant spiked club!
You scratch the two-headed ogre.
The two-headed ogre is severely wounded.
The two-headed ogre hits you with a +0 giant club!
* * * LOW HITPOINT WARNING * * *
The two-headed ogre hits you with a +0 giant spiked club!
You die...

#.##.# #.##.# ##.##.##
#.)##..### #.##.....##
#.#..≈≈≈..# #.#.≈≈≈≈≈.#
#.#°≈≈≈≈≈.# #.#@°≈≈≈≈.#
#.#°O≈≈≈..# #.#≈.?∩..≈#
#.########## #..........#
###........# ###########
#........#
..........######.....∩..#
.########...............#


You could see a two-headed ogre.

Vanquished Creatures
  Prince Ribbit (D:5)
  Sigmund (D:3)
  Edmund (D:6)
  A water moccasin (D:6)
  3 black bears
  A sky beast (D:4)
  A centaur (D:6)
  An ogre (D:6)
  A phantom (D:4)
  A necrophage (D:4)
  3 scorpions
  A water moccasin zombie (D:4)
  A centaur zombie (D:4)
  3 hounds
  2 jellies
  A human zombie (D:4)
  3 iguanas
  A gnoll bouda (D:5)
  2 orc wizards (D:6)
  A scorpion zombie (D:4)
  A hound zombie (D:4)
  6 mummies (D:4)
  Robin (D:2)
  7 adders
  13 gnolls
  A shadow imp (D:5)
  2 white imps
  4 worms
  A dart slug (D:2)
  6 orcs
  3 bats
  6 endoplasms
  A giant cockroach (D:1)
  14 goblins
  10 hobgoblins
  10 jackals
  4 quokkas (D:3)
  7 ball pythons
  2 frilled lizards
  5 kobolds
  5 rats
139 creatures vanquished.

Notes
Turn   | Place    | Note
-------+----------+-------------------------------------------
     0 | D:1      | NinjaNoafa the Troll Fighter began the quest for the Orb.
     0 | D:1      | Reached XP level 1. HP: 22/22 MP: 0/0
    96 | D:1      | Reached XP level 2. HP: 27/29 MP: 1/1
  1083 | D:2      | You fall into a shaft and drop 2 floors!
  1099 | D:4      | Reached XP level 3. HP: 36/36 MP: 2/2
  1215 | D:3      | Found Veceum's Antique Armour Emporium.
  1336 | D:2      | Noticed Robin
  1341 | D:2      | Reached XP level 4. HP: 45/45 MP: 3/3
  1360 | D:2      | Killed Robin
  2000 | D:3      | Noticed Sigmund
  2009 | D:3      | Killed Sigmund
  2010 | D:3      | Reached XP level 5. HP: 48/54 MP: 4/4
  2010 | D:3      | Reached XP level 6. HP: 55/62 MP: 5/5
  2267 | D:3      | Found an ornate altar of the Wu Jian Council.
  2275 | D:3      | Became a worshipper of the Wu Jian Council
  2468 | D:4      | Found a basalt altar of Yredelemnul.
  2492 | D:4      | Reached XP level 7. HP: 49/70 MP: 6/6
  2729 | D:4      | Reached * piety under Wu Jian
  2750 | D:4      | Reached skill level 5 in Shields
  2800 | D:4      | Reached skill level 5 in Fighting
  2800 | D:4      | Found Yfam's Weapon Shoppe.
  2822 | D:4      | Reached skill level 5 in Dodging
  2923 | D:4      | Found a shadowy altar of Dithmenos.
  3048 | D:4      | Reached skill level 3 in Unarmed Combat
  3266 | D:5      | Entered Level 5 of the Dungeon
  3283 | D:5      | Reached XP level 8. HP: 74/80 MP: 7/7
  3346 | D:5      | Noticed Prince Ribbit
  3351 | D:5      | Killed Prince Ribbit
  3352 | D:5      | Reached skill level 5 in Unarmed Combat
  3454 | D:5      | Found an ancient bone altar of Kikubaaqudgha.
  3492 | D:5      | Found a sparkling altar of Nemelex Xobeh.
  3703 | D:5      | Found Nejysafu's Vocational Training.
  3731 | D:5      | Reached skill level 6 in Unarmed Combat
  4204 | D:6      | Reached skill level 7 in Unarmed Combat
  4304 | D:6      | Found a white marble altar of Elyvilon.
  4317 | D:6      | Noticed Edmund
  4319 | D:6      | Reached ** piety under Wu Jian
  4340 | D:6      | Killed Edmund
  4341 | D:6      | Reached skill level 8 in Unarmed Combat
  4443 | D:5      | Reached XP level 9. HP: 66/88 MP: 8/8
  4614 | D:6      | Found Alocy's Assorted Antiques.
  4632 | D:6      | Bought a scroll labelled KOHIURI JOIFIDI for 23 gold pieces
  4632 | D:6      | Bought a scroll labelled BAIHAT ALLEO for 23 gold pieces
  4632 | D:6      | Bought a scroll labelled YTIMO IBET for 23 gold pieces
  4788 | D:6      | Found Olesequl's Armour Emporium.
  4818 | D:6      | Found Yneud's Book Shoppe.
  4887 | D:6      | Noticed a two-headed ogre
  4888 | D:6      | Found Biqas's Armour Shoppe.
  4912 | D:6      | Slain by a two-headed ogre

Illustrated notes

Levels and vault maps discovered:
D:1:      dpeg_arrival_rooms_a, layout_basic
D:2:      layout_loops_ring, chequers_decorated_corner, uniq_robin
D:3:      layout_rooms, nzn_wu_jian_council_hall, serial_shops, shop,
          uniq_sigmund
D:4:      layout_loops_ring, grunt_dithmenos_smoke,
          lemuel_mausoleum_altar_yredelemnul, serial_shops, shop,
          serial_bayou_crossing
D:5:      layout_basic, lemuel_round_altar,
          mainiacjoe_overflow_concentric_impassable, nicolae_shop_vocational,
          uniq_prince_ribbit1
D:6:      layout_rooms, mainiacjoe_overflow_chevrons,
          worldfamousw_hep_ancestral_shrine, serial_shops, shop,
          nicolae_shop_hallway_plus, nicolae_lakefront_shop,
          nicolae_lakefront_shop, uniq_edmund

Skill      XL: |  1  2  3  4  5  6  7  8 |
---------------+-------------------------+-----
Shields        | 3 4 5 |  5.0
Fighting       | 3 4 5 |  5.0
Dodging        | 3 4 5 |  5.0
Unarmed Combat | 3 8 |  8.9

Action                   |  1- 3 |  4- 6 |  7- 9 || total
-------------------------+-------+-------+-------++-------
Melee: Unarmed           |   117 |   146 |   230 ||   493
Invok: Lunge             |       |     5 |    18 ||    23
       Whirlwind         |       |       |    30 ||    30
 Abil: Wall Jump         |       |       |    11 ||    11
  Use: Potion            |       |     1 |     1 ||     2
Armor: Robe              |    37 |    35 |    47 ||   119
Dodge: Dodged            |    53 |    45 |    89 ||   187
Block: Kite shield       |    55 |    43 |   100 ||   198

Table legend: (Time is in decaauts)
 A = Elapsed time spent in this place.
 B = Non-inter-level travel time spent in this place.
 C = Inter-level travel time spent in this place.
 D = Time resting spent in this place.
 E = Time spent auto-exploring this place.
 F = Levels seen in this place.
 G = Mean time per level.
                   A        B        C        D        E       F      G
               +--------+--------+--------+--------+--------+-----+--------+
         Total |   4960 |   4600 |    360 |     26 |   3370 |   6 |  826.7 |
       Dungeon |   4960 |   4600 |    360 |     26 |   3370 |   6 |  826.7 |
               +--------+--------+--------+--------+--------+-----+--------+

Top non-repeatable levels by time:
     D:4: 1015 daAuts
     D:1: 1007 daAuts
     D:5: 989 daAuts
     D:2: 734 daAuts
     D:3: 611 daAuts
     D:6: 601 daAuts
